 Dungeon Crawl Stone Soup version 0.29-a0-219-g0a02b1cf4f (webtiles) character file.

Game seed: 16743864735422637043

21441 Hasart the Carver (level 12, -5/103 HPs)
             Began as a Demigod Gladiator on Feb 25, 2022.
             Slain by an orc knight
             ... wielding a +2 battleaxe of flaming
              (19 damage)
             ... on level 1 of the Orcish Mines.
             The game lasted 00:35:18 (22013 turns).

Hasart the Carver (Demigod Gladiator)              Turns: 22013, Time: 00:35:19

Health: -5/103     AC: 13    Str: 15    XL:     12   Next: 24%
Magic:  15/15      EV: 23    Int: 10    God:
Gold:   977        SH:  0    Dex: 31    Spells: 11/11 levels left

rFire   . . .      SeeInvis +   x - +3 dagger (venom)
rCold   . . .      Faith    .   (no shield)
rNeg    . . .      Spirit   .   E - +1 swamp dragon scales
rPois   +          Reflect  .   y - +1 helmet {SInv}
rElec   .          Harm     .   (no cloak)
rCorr   .          Rampage  .   e - +1 pair of gloves
Will    +....                   b - +0 pair of boots
Stlth   ++++......              (no amulet)
HPRegen 0.27/turn               m - +4 ring of evasion
MPRegen 0.14/turn               (no ring)

@: no status effects
A: high MP 1, forlorn, divine attributes
a: no special abilities


You were on level 1 of the Orcish Mines.
You visited 3 branches of the dungeon, and saw 14 of its levels.

You collected 1227 gold pieces.
You spent 250 gold pieces at shops.

Inventory:

Hand Weapons
 a - a +0 long sword
 x - a +3 dagger of venom (weapon)
Missiles
 d - 7 throwing nets (quivered)
Armour
 b - a +0 pair of boots (worn)
 c - a +0 robe of cold resistance
 e - a +1 pair of gloves (worn)
 w - +0 acid dragon scales
 y - a +1 helmet of see invisible (worn)
 E - +1 swamp dragon scales (worn)
Jewellery
 g - a ring of ice
 m - a +4 ring of evasion (left hand)
 p - a ring of ice
Wands
 j - a wand of flame (29)
 B - a wand of charming (5)
Scrolls
 i - 7 scrolls of identify
 l - 6 scrolls of teleportation
 u - a scroll of blinking
 v - a scroll of enchant weapon
 A - a scroll of magic mapping
 D - a scroll of enchant armour
 F - a scroll of amnesia
 H - a scroll of summoning
Potions
 f - 4 potions of attraction
 h - 3 potions of brilliance
 k - a potion of heal wounds
 n - a potion of mutation
 o - 2 potions of resistance {unknown}
 q - 2 potions of flight {unknown}
 r - a potion of berserk rage
 s - a potion of lignification
 t - a potion of degeneration {unknown}
 z - a potion of invisibility
 C - 2 potions of curing
 G - a potion of might {unknown}


   Skills:
 + Level 8.8 Fighting
 * Level 12.4 Long Blades
 - Level 1.7 Throwing
 + Level 9.0 Dodging
 + Level 8.5 Stealth
 + Level 6.7 Evocations


You had 11 spell levels left.
You didn't know any spells.
Your spell library contained the following spells:

 Spells                   Type           Power      Damage    Failure   Level
 Animate Skeleton         Necr           0%         N/A       58%         1
 Apportation              Tloc           0%         N/A       58%         1
 Foxfire                  Conj/Fire      0%         2x1d4     58%         1
 Pain                     Necr           0%         1d4       58%         1
 Summon Small Mammal      Summ           0%         N/A       58%         1
 Passwall                 Tmut/Erth      0%         N/A       75%         2
 Searing Ray              Conj           0%         2d4       75%         2
 Sublimation of Blood     Necr           0%         N/A       75%         2
 Wereblood                Tmut           0%         N/A       75%         2
 Call Canine Familiar     Summ           0%         N/A       92%         3
 Dazzling Flash           Conj/Hex       0%         N/A       92%         3
 Portal Projectile        Hex/Tloc       0%         N/A       92%         3
 Summon Guardian Golem    Hex/Summ       0%         N/A       92%         3
 Animate Armour           Summ/Erth      0%         N/A       100%        4
 Flame Wave               Conj/Fire      0%         2d4       100%        4
 Hailstorm                Conj/Ice       0%         3d3       100%        4
 Iskenderun's Mystic Bla  Conj/Tloc      0%         2d3       100%        4
 Leda's Liquefaction      Hex/Erth       0%         N/A       100%        4
 Petrify                  Tmut/Erth      0%         N/A       100%        4
 Agony                    Necr           0%         N/A       100%        5
 Blade Hands              Tmut           0%         N/A       100%        5
 Excruciating Wounds      Necr           0%         N/A       100%        5
 Metabolic Englaciation   Hex/Ice        0%         N/A       100%        5
 Iron Shot                Conj/Erth      0%         9d1       100%        6
 Starburst                Conj/Fire      0%         6d3       100%        6
 Statue Form              Tmut/Erth      0%         N/A       100%        6
 Summon Hydra             Summ           0%         N/A       100%        7


Dungeon Overview and Level Annotations

Branches:
Dungeon (9/15)             Temple (0/1) D:5            Lair (3/6) D:9
 Shoals (0/4) Lair:2          Orc (2/2) D:9
  Snake: Lair:2-4    Spider: Lair:2-4       Elf: Orc:2

Shops:
D:1 *   D:6 (?[*   D:7 !   Orc:1 ?[*!(

Portals:
Abyss: Orc:1

Annotations:
D:3 1 runed translucent door, Crazy Yiuf
D:5 2 runed translucent doors
D:8 2 runed translucent doors
Orc:1 2 transporters, Hasart's ghost, journeyman DgHu


Innate Abilities, Weirdness & Mutations

You have an increased reservoir of magic. (+10% MP)
You shall have no god before yourself.
Your divine heritage dramatically boosts your attributes as you level up.


Message History

You hit the ogre.
The ogre looks even sicker.
The ogre is almost dead.
The ogre misses you.
Unknown command.
You hit the ogre.
You kill the ogre!
Unknown command.
The orc sorcerer gestures wildly while chanting.
You climb upwards.
Level annotation: 2 transporters, Hasart's ghost, journeyman DgHu
There is a stone staircase leading down here.
You see here a +0 giant club.
You hit the orc knight but do no damage.
The orc knight is almost dead.
The orc knight hits you with a +2 battleaxe of flaming!!
The orc knight burns you!
You completely miss the orc knight.
The orc knight is almost dead.
The orc knight misses you.
You closely miss the orc knight.
The orc knight is almost dead.
You closely miss the orc knight.
The orc knight is almost dead.
The orc knight closely misses you.
You hit the orc knight but do no damage.
The orc knight is almost dead.
The orc knight looks more healthy.
The orc knight hits you with a +2 battleaxe of flaming!!
* * * LOW HITPOINT WARNING * * *
The orc knight burns you.
* * * LOW HITPOINT WARNING * * *
You hit the orc knight but do no damage.
The orc knight is almost dead.
Aiming: Throw Flame
Press: ? - help, Shift-Dir - straight line, f - orc knight
Aim: an orc knight, wielding a +2 battleaxe of flaming and wearing a +0 chain mail (almost dead, 71% to hit)
The puff of flame hits the orc knight but does no damage.
The orc knight is almost dead.
The orc knight hits you with a +2 battleaxe of flaming!!
You die...

#.......#.####......#
##.......##.#......##
##......#.......####
#...........##.#.####
#.....>.......#...#.##
##.....>.......#.....##
#.........#......#.#.#
##)...............##...
#.[..#@..........####.#
##[#.#o..........# #...
##......?......## ##.∩
##.....∩.......### ##.
#.......?.#......###..
##.......##........#..
#........##...#......
##......####.#.......
###....# ##........


You could see an orc knight.

Vanquished Creatures
  4 two-headed ogres
  Amaemon (Lair:1)
  An orc sorcerer (Orc:2)
  A cyclops (Orc:1)
  An orange demon (Lair:2)
  A black mamba (Lair:2)
  9 cane toads (Lair:2)
  A komodo dragon (Lair:2)
  Maggie (Lair:2)
  Psyche (D:9)
  2 trolls
  A hornet (D:7)
  Grinder (D:3)
  Prince Ribbit (D:7)
  3 blink frogs (Lair:2)
  A wraith (D:6)
  A vampire (D:9)
  9 yaks
  2 basilisks
  A wyvern (Lair:3)
  A steam dragon (D:8)
  A warg (Orc:1)
  6 water moccasins
  An acid dragon (D:9)
  18 orc warriors
  3 black bears
  A necrophage (D:3)
  6 centaurs
  12 ogres
  6 wolves (Lair:2)
  A kobold brigand (D:7)
  2 phantoms
  2 scorpions
  6 bullfrogs
  2 gnoll sergeants
  8 killer bees
  6 electric eels
  2 howler monkeys
  2 hounds
  4 jellies
  2 gnoll shamans
  13 orc priests
  5 iguanas
  21 orc wizards
  22 gnolls
  4 adders
  3 white imps
  An ufetubus (D:4)
  3 worms
  A dart slug (D:3)
  92 orcs
  3 bats
  4 endoplasms
  3 giant cockroaches
  14 goblins
  7 hobgoblins
  8 jackals
  9 kobolds
  5 quokkas
  2 ball pythons
  2 frilled lizards
  5 rats
362 creatures vanquished.

Vanquished Creatures (others)
  13 bushes (Lair:2)
  9 fungi
  84 plants
106 creatures vanquished.

Grand Total: 468 creatures vanquished

Notes
Turn   | Place    | Note
-------+----------+-------------------------------------------
     0 | D:1      | Hasart the Demigod Gladiator began the quest for the Orb.
     0 | D:1      | Reached XP level 1. HP: 17/17 MP: 3/3
   185 | D:1      | Reached skill level 3 in Long Blades
   283 | D:1      | Reached XP level 2. HP: 24/24 MP: 4/4
   726 | D:1      | Found Eruunyr's Assorted Antiques.
   797 | D:1      | Bought a scroll labelled LAVVIH ZEXEUNO for 23 gold pieces
   797 | D:1      | Bought a scroll labelled XIEGEG NIAT for 23 gold pieces
  1900 | D:2      | Reached XP level 3. HP: 27/29 MP: 5/5
  2708 | D:3      | Reached XP level 4. HP: 30/37 MP: 6/6
  2956 | D:3      | Noticed Grinder
  2956 | D:3      | Paralysed by Grinder for 2 turns
  2977 | D:3      | Paralysed by Grinder for 2 turns
  2997 | D:3      | Killed Grinder
  2998 | D:3      | Reached skill level 4 in Long Blades
  2998 | D:3      | Reached XP level 5. HP: 20/45 MP: 7/7
  3472 | D:3      | Found a runed translucent door.
  3473 | D:3      | Noticed Crazy Yiuf
  4076 | D:4      | Reached XP level 6. HP: 51/51 MP: 8/8
  4130 | D:3      | Reached skill level 5 in Long Blades
  5155 | D:5      | Entered Level 5 of the Dungeon
  5246 | D:5      | Reached skill level 1 in Stealth
  5600 | D:5      | Reached XP level 7. HP: 48/58 MP: 9/9
  5709 | D:5      | Found a large runed translucent door.
  5712 | D:5      | Found a large runed translucent door.
  5863 | D:5      | Found a staircase to the Ecumenical Temple.
  5881 | D:5      | Reached skill level 6 in Long Blades
  6552 | D:6      | Noticed a wraith
  6796 | D:6      | Reached skill level 5 in Dodging
  6796 | D:6      | Reached XP level 8. HP: 60/67 MP: 10/10
  6908 | D:6      | Found Hecuuk's Armour Emporium.
  6917 | D:6      | Reached skill level 7 in Long Blades
  7178 | D:6      | Reached skill level 5 in Fighting
  7427 | D:6      | Found Fesaobe's General Store.
  8286 | D:6      | Found Tupsu's Magic Scroll Shop.
  8294 | D:6      | Reached skill level 9 in Long Blades
  8294 | D:6      | Reached XP level 9. HP: 78/78 MP: 11/11
  8318 | D:6      | Found Xiusu's Antique Weapon Shop.
  8515 | D:7      | Noticed a two-headed ogre
  8521 | D:7      | Killed a two-headed ogre
  8522 | D:7      | Reached XP level 10. HP: 86/86 MP: 13/13
  8625 | D:7      | Found Qash's Distillery.
  8628 | D:7      | Bought a potion of heal wounds for 60 gold pieces
  8628 | D:7      | Bought a potion of heal wounds for 60 gold pieces
  8721 | D:7      | Noticed Prince Ribbit
  8743 | D:7      | Killed Prince Ribbit
  8744 | D:7      | Reached skill level 10 in Long Blades
 11157 | D:8      | Got the Compendium of Attacks and Transmutation
 11181 | D:8      | Found a runed translucent door.
 11183 | D:8      | Found a runed translucent door.
 11626 | D:9      | Found a staircase to the Lair.
 11697 | D:9      | Noticed Psyche
 11704 | D:9      | Killed Psyche
 11948 | Lair:1   | Entered Level 1 of the Lair of Beasts
 13642 | Lair:2   | Noticed a black mamba
 13660 | Lair:2   | Killed a black mamba
 13661 | Lair:2   | Reached skill level 5 in Evocations
 13889 | Lair:2   | Reached XP level 11. HP: 92/92 MP: 14/14
 13890 | Lair:2   | Noticed Amaemon
 13931 | Lair:1   | Killed Amaemon
 14733 | Lair:2   | Noticed a six-headed hydra
 14957 | Lair:2   | Reached skill level 11 in Long Blades
 15083 | Lair:2   | HP: 4/94 [cane toad (21)]
 15086 | Lair:2   | Noticed Maggie
 15090 | Lair:2   | Killed Maggie
 15437 | Lair:2   | HP: 2/94 [cane toad (16)]
 16264 | Lair:2   | Found a staircase to the Shoals.
 18281 | D:9      | Found a staircase to the Orcish Mines.
 18370 | Orc:1    | Entered Level 1 of the Orcish Mines
 18901 | Orc:1    | Found a transporter.
 18909 | Orc:1    | Found Ihimila's Weapon Shoppe.
 19248 | Orc:1    | Found Voamnyle's Distillery.
 19257 | Orc:1    | Bought a potion of curing for 42 gold pieces
 19257 | Orc:1    | Bought a potion of curing for 42 gold pieces
 19268 | Orc:1    | Found Imey's Assorted Antiques.
 19284 | Orc:1    | Found Hoeddyd's Antique Armour Boutique.
 19318 | Orc:1    | Found Bangin's Magic Scroll Boutique.
 19553 | Orc:1    | Found a transporter.
 19561 | Orc:1    | Noticed a rakshasa
 19698 | Orc:1    | Noticed Hasart's ghost (journeyman DgHu)
 19710 | Orc:1    | Found a one-way gate to the infinite horrors of the Abyss.
 19710 | Orc:1    | Noticed a cyan very ugly thing
 19712 | Orc:1    | Noticed an orc knight
 20075 | Orc:2    | Entered Level 2 of the Orcish Mines
 20373 | Orc:2    | Noticed a two-headed ogre
 20412 | Orc:2    | Killed a two-headed ogre
 20413 | Orc:2    | Reached skill level 12 in Long Blades
 20452 | Orc:2    | Reached XP level 12. HP: 66/103 MP: 15/15
 22013 | Orc:1    | Slain by an orc knight

Illustrated notes

Levels and vault maps discovered:
D:1:      dpeg_arrival_another_circle, layout_loops_ring,
          shapermc_ecumenical_altar_ellora, serial_shops, shop_fountains
D:2:      kennysheep_the_goblin_king, layout_loops_corners,
          supply_closet_lemuel, chequers_serial_rivers_large_b,
          minmay_box_of_dots
D:3:      layout_basic, okawaru_ov_weapons_minmay, kennysheep_generic_room_4,
          uniq_crazy_yiuf_cottage, uniq_grinder
D:4:      layout_basic, grunt_decor_one_mirror
D:5:      due_chaos_kobolds, layout_loops_cross, old_standard_altar,
          minmay_temple_entry_overgrown, lemuel_old_faithful
D:6:      minmay_angry_zag, layout_cave_pools, nicolae_vehumet_radiance,
          nicolae_overflow_crystal_walls, serial_shops,
          nicolae_shop_behind_doors, kennysheep_mini_moat, nicolae_square_shop,
          nicolae_shop_statue_plus, serial_bayou_ford_a
D:7:      layout_basic, lemuel_doored_altar, serial_shops, kennysheep_mini,
          grunt_ministairs_5, uniq_prince_ribbit1
D:8:      lemuel_insect_pit, layout_basic, serial_bayou_lake_a
D:9:      layout_gridville, elyvilon_altar_3, zin_statuary,
          nicolae_dithmenos_through_a_glass_darkly, lair_entry_dummy,
          hiddenorc1_lemuel, uniq_psyche
Lair:1:   layout_chaotic_city, serial_forest, infiniplex_forest_clump_medium,
          infiniplex_forest_end_1, infiniplex_forest_straight_2,
          infiniplex_forest_clump_tiny, infiniplex_forest_lined_ring,
          infiniplex_forest_join, infiniplex_forest_lined_ring,
          chequers_serial_rivers_micro_b, chequers_serial_rivers_large_a,
          grunt_megastairs_2, lemuel_fruit_tree
Lair:2:   layout_cave_pods, minmay_shoals_entry_centaurs, minmay_hedge_maze,
          beast_lair_carwin_7, uniq_amaemon, uniq_maggie
Lair:3:   layout_loops_ring, st_stairs_3, uniq_snorg
Orc:1:    layout_caves, gammafunk_ghost_abyssal_escape, serial_shops,
          nicolae_shop_waterfront, shop_fountains, shop_fountains, shop,
          shop_scrolls
Orc:2:    pubby_orc_utopia

Skill      XL: |  1  2  3  4  5  6  7  8  9 10 11 12 |
---------------+-------------------------------------+-----
Fighting       | 2 3 4 6 7 8 |  8.8
Long Blades    | 3 4 5 6 9 10 12 | 12.4
Dodging        | 3 4 5 7 8 9 |  9.0
Stealth        | 1 2 6 7 8 |  8.5
Evocations     | 3 4 5 6 |  6.7
Throwing       | |  1.7

Action                   |  1- 3 |  4- 6 |  7- 9 | 10-12 || total
-------------------------+-------+-------+-------+-------++-------
Melee: Long sword        |    51 |       |    28 |     5 ||    84
       Dagger            |    48 |   208 |   233 |  1115 ||  1604
       Punch             |     3 |     3 |     9 |    24 ||    39
Throw: Throwing net      |       |       |       |     1 ||     1
Evoke: Wand              |       |       |     1 |    13 ||    14
  Use: Scroll            |     6 |       |    11 |     3 ||    20
       Potion            |     1 |       |     1 |     6 ||     8
 Stab: Sleeping          |     1 |     5 |     8 |    23 ||    37
       Distracted        |       |       |     1 |     5 ||     6
       Held in net/web   |       |       |       |     1 ||     1
Armor: Leather armour    |    32 |    39 |    48 |    11 ||   130
       Acid dragon scale |       |       |       |    37 ||    37
       Steam dragon scal |       |       |       |     2 ||     2
       Swamp dragon scal |       |       |       |    74 ||    74
Dodge: Dodged            |    82 |   117 |   176 |   882 ||  1257

Table legend: (Time is in decaauts)
 A = Elapsed time spent in this place.
 B = Non-inter-level travel time spent in this place.
 C = Inter-level travel time spent in this place.
 D = Time resting spent in this place.
 E = Time spent auto-exploring this place.
 F = Levels seen in this place.
 G = Mean time per level.
                   A        B        C        D        E       F      G
               +--------+--------+--------+--------+--------+-----+--------+
         Total |  21665 |  20986 |    679 |   5158 |  11981 |  14 | 1547.5 |
       Dungeon |  13067 |  12506 |    561 |   2135 |   8088 |   9 | 1451.9 |
          Lair |   5584 |   5482 |    102 |   2526 |   2096 |   3 | 1861.3 |
  Orcish Mines |   3013 |   2998 |     15 |    497 |   1796 |   2 | 1506.5 |
               +--------+--------+--------+--------+--------+-----+--------+

Top non-repeatable levels by time:
  Lair:2: 3406 daAuts
     D:8: 2059 daAuts
  Lair:1: 1785 daAuts
     D:5: 1748 daAuts
   Orc:2: 1640 daAuts
     D:2: 1605 daAuts
     D:6: 1577 daAuts
     D:3: 1459 daAuts
   Orc:1: 1373 daAuts
     D:9: 1281 daAuts
     D:7: 1225 daAuts
     D:1: 1100 daAuts
     D:4: 1009 daAuts
  Lair:3: 393 daAuts
